 Dungeon Crawl Stone Soup version 0.31-a0-210-gccc998df9b (webtiles) character file.

Game seed: 5484086396824419618

65923 Sparcealot the Severer (level 15, -9/141 HPs)
             Began as a Naga Wanderer on June 29, 2023.
             Was the Champion of Cheibriados.
             Mangled by a radroach (35 damage)
             ... on level 2 of the Spider Nest.
             The game lasted 00:58:36 (14570 turns).

Sparcealot the Severer (Naga Wanderer)             Turns: 14570, Time: 00:58:37

Health: -9/141     AC: 33    Str: 36    XL:     15   Next: 18%
Magic:  0/27       EV: 16    Int: 37    God:    Cheibriados [******]
Gold:   1183       SH:  0    Dex: 26    Spells: 20/30 levels left

rFire   + . .        x - +10 war axe "Veucw" {venom, rF+ Str+6}
rCold   . . .        (no shield)
rNeg    . . .        v - +15 plate armour of Summertime {Contam +Inv Regen+ Dex+3}
rPois   +            (helmet restricted)
rElec   .            f - +2 cloak
rCorr   .            (no gloves)
SInv    +            (no barding)
Will    +....        r - amulet of guardian spirit Stlth
                     F - +5 ring of evasion
HPRegen 1.23/turn    z - +5 ring of evasion
MPRegen 0.20/turn

%: guardian spirit
@: very slightly contaminated, very slow
A: AC +5, large, see invisible, deformed body, poison resistance, slowness 2,
spit poison 1, naga tail 2, horns 1, mutation resistance 1
a: Spit Poison, Renounce Religion, Evoke Invisibility, Bend Time, Temporal
Distortion, Slouch, Step From Time


You were on level 2 of the Spider Nest.
You worshipped Cheibriados.
Cheibriados was exalted by your worship.
You visited 4 branches of the dungeon, and saw 18 of its levels.
You also visited: Gauntlet.

You collected 1183 gold pieces.

Inventory:

Hand Weapons
 x - the +10 war axe "Veucw" (weapon) {venom, rF+ Str+6}
   (You found it on level 5 of the Dungeon)

   Str:       It affects your strength (+6).
   rF:        It protects you from fire.
Armour
 f - a +2 cloak (worn)
 v - the +15 plate armour of Summertime (worn) {Contam +Inv Regen+ Dex+3}
   (You found it on level 4 of the Dungeon)

   Dex:       It affects your dexterity (+3).
   +Inv:      It lets you turn invisible.
   Contam:    It causes magical contamination when unequipped.
   Regen:     It increases your rate of health regeneration.
 L - a scarf of repulsion
 N - the +1 helmet of the Fiend {rF+ rC++ Int-4}
   (You found it in a Gauntlet)

   Int:       It affects your intelligence (-4).
   rF:        It protects you from fire.
   rC:        It greatly protects you from cold.
Magical Staves
 Q - a staff of earth
Jewellery
 e - a +5 ring of evasion
 r - an amulet of guardian spirit (around neck)
 y - a ring of willpower
 z - a +5 ring of evasion (right hand)
 F - a +5 ring of evasion (left hand)
 G - the ring of New Discoveries {Fire Drain rElec rN+ SInv}
   (You found it on level 2 of the Lair of Beasts)

   [ring of fire]

   It enhances your fire magic.
   rF:        It protects you from fire.
   rC:        It makes you vulnerable to cold.
   rElec:     It insulates you from electricity.
   rN:        It protects you from negative energy.
   SInv:      It lets you see invisible.
   Drain:     It drains your maximum health when unequipped.
 K - a ring of ice
 P - an amulet of faith
 T - a ring of resist corrosion
 U - a ring of positive energy
Wands
 a - a wand of mindburst (3)
 b - a wand of roots (1)
 o - a wand of digging (8)
 A - a wand of charming (3)
 D - a wand of flame (17)
 H - a wand of quicksilver (13)
 R - a wand of polymorph (2)
Scrolls
 c - 3 scrolls of blinking (quivered)
 d - 4 scrolls of fog
 h - 6 scrolls of teleportation
 i - 5 scrolls of enchant weapon
 l - 7 scrolls of vulnerability
 m - 2 scrolls of revelation
 n - 4 scrolls of immolation
 u - a scroll of torment
 w - 3 scrolls of noise
 B - 5 scrolls of enchant armour {unknown}
 C - a scroll of brand weapon {unknown}
 E - 2 scrolls of amnesia
 I - a scroll of silence {unknown}
 M - 3 scrolls of identify
 O - 2 scrolls of summoning {unknown}
Potions
 g - 2 potions of attraction {unknown}
 j - 2 potions of haste {unknown}
 k - 4 potions of degeneration {unknown}
 p - 6 potions of brilliance
 q - 3 potions of invisibility {unknown}
 s - a potion of magic
 t - 2 potions of lignification
 J - a potion of ambrosia {unknown}
 S - 2 potions of curing
 W - a potion of berserk rage {unknown}
 X - a potion of enlightenment {unknown}


   Skills:
 - Level 11.0 Fighting
 - Level 16.0 Axes
 - Level 11.0 Armour
 - Level 8.0 Spellcasting
 + Level 8.1 Necromancy
 + Level 8.1 Earth Magic
 * Level 1.7 Invocations


You had 20 spell levels left.
You knew the following spells:

 Your Spells              Type           Power      Damage    Failure   Level
a - Sandblast             Erth           100%       2d20      1%          1
b - Petrify               Tmut/Erth      45%        N/A       24%         4
c - Borgnjor's Vile Clut  Necr/Erth      33%        N/A       13%         5

Your spell library contained the following spells:

 Spells                   Type           Power      Damage    Failure   Level
 Necrotise                Necr           100%       1d9       1%          1
 Vampiric Draining        Necr           66%        2d10      1%          3
 Cigotuvi's Dreadful Rot  Necr/Pois/Air  68%        N/A       7%          2
 Stone Arrow              Conj/Erth      88%        3d12      8%          3
 Shock                    Conj/Air       56%        1d6       13%         1
 Agony                    Necr           66%        N/A       13%         5
 Ignite Poison            Fire/Tmut/Pois 14%        N/A       36%         3
 Ozocubu's Armour         Ice            14%        N/A       36%         3
 Tukima's Dance           Hex            14%        N/A       36%         3
 Passage of Golubria      Tloc           14%        N/A       78%         4
 Sticky Flame             Conj/Fire      14%        2d4       78%         4
 Alistair's Intoxication  Tmut/Pois      10%        N/A       98%         5
 Freezing Cloud           Conj/Ice/Air   7%         6-21      98%         5
 Metabolic Englaciation   Hex/Ice        7%         N/A       98%         5
 Yara's Violent Unravell  Hex/Tmut       7%         3d5       98%         5
 Simulacrum               Ice/Necr       22%        N/A       98%         6
 Statue Form              Tmut/Erth      30%        N/A       98%         6
 Conjure Ball Lightning   Conj/Air       7%         3x3d6     100%        6
 Eringya's Noxious Bog    Tmut/Pois      7%         N/A       100%        6
 Spellforged Servitor     Conj/Summ      7%         N/A       100%        7
 Discord                  Hex            7%         N/A       100%        8
 Disjunction              Tloc           7%         N/A       100%        8


Dungeon Overview and Level Annotations

Branches:
Dungeon (10/15)            Temple (1/1) D:6            Lair (5/5) D:10
  Swamp (0/4) Lair:2       Spider (2/4) Lair:3        Slime (0/5) Lair:4
    Orc (0/2) D:9         Gauntlet (visited)

Altars:
Ashenzari
Cheibriados
Dithmenos
Elyvilon
Fedhas
Gozag
Kikubaaqudgha
Makhleb
Nemelex Xobeh
Okawaru
Ru
Sif Muna
Trog
Uskayaw
Vehumet
Wu Jian
Xom
Zin
Jiyva

Shops:
D:4 ?   D:10 !

Portals:
Trove: D:10 (give 7 potions of haste)


Innate Abilities, Weirdness & Mutations

Your serpentine skin is tough. (AC +5)
You have supernaturally acute eyesight. (SInv)
Armour fits poorly on your strangely shaped body.
Your system is resistant to poisons. (rPois)
You cover ground very slowly.
You can spit poison.
You can use your snake-like lower body to constrict enemies.
You have a pair of small horns on your head.
You are somewhat resistant to further mutation.


Message History

You kill the jumping spider!
Cheibriados thoroughly appreciates the change of pace.
You hit the redback.
The redback looks as sick as possible!
You feel sick.
You kill the redback!
Cheibriados thoroughly appreciates the change of pace.
The orb spider weaves a glowing orb of energy.
An orb of destruction comes into view.
You hit the radroach but do no damage.
The radroach is poisoned.
You grab the radroach.
You constrict the radroach, but do no damage.
You feel sick.
You are no longer poisoned.
The radroach erupts in a fountain of uncontrolled magic!
You are blasted with magical radiation!
You are very lightly contaminated with residual magic.
You release your grip on the radroach.
The orb of destruction hits you!!!
* * * LOW HITPOINT WARNING * * *
The orb spider pulsates with a strange energy.
The radroach bites you but does no damage.
The radroach claws you!
* * * LOW HITPOINT WARNING * * *
The orb spider weaves a glowing orb of energy.
The radroach barely misses you.
The radroach claws you but does no damage.
An orb of destruction comes into view.
You feel much better. The radroach closely misses you.
The radroach claws you but does no damage.
The orb spider pulsates with a strange energy.
You hit the radroach but do no damage.
The radroach looks as sick as possible!
You grab the radroach.
The radroach is lightly wounded.
You constrict the radroach, but do no damage.
The orb of destruction hits you!!!
* * * LOW HITPOINT WARNING * * *
You hit the radroach but do no damage. You headbutt the radroach.
The radroach is lightly wounded.
You constrict the radroach.
The radroach erupts in a fountain of uncontrolled magic!
You are blasted with magical radiation!!!
You die...

##..#..#....###
#...#..#..###
##......#..#
#.^.......##
#....<..##
#.......#
##.....##
##....# #@...#
#B○°.#
......†.†○.#
^!........s#
###........#
......<...#
#......^...^
.............
..............


You could see a radroach (extremely poisoned) and an orb spider (charged).

Vanquished Creatures
  Rupert (Lair:3)
  The ghost of initializr the Grappler, a journeyman TrCA of Ignis (Lair:2)
  A minotaur (Gauntlet)
  A fire dragon (Lair:5)
  An entropy weaver (Spider:2)
  Josephine (Lair:3)
  3 hydras
  A radroach (Spider:1)
  A two-headed ogre (D:9)
  A boulder beetle (Spider:1)
  6 death yaks
  2 demonic crawlers (Spider:1)
  5 pharaoh ants
  A skyshark (Lair:5)
  A swamp dragon (Lair:5)
  2 orb spiders (Spider:1)
  A steelbarb worm (Spider:1)
  3 wolf spiders
  11 black mambas
  A moth of wrath (Spider:1)
  An ice statue (Gauntlet)
  3 torpor snails
  3 elephants (Lair:5)
  A guardian serpent (Lair:5)
  A hellion (Gauntlet)
  Maggie (D:6)
  17 cane toads
  10 komodo dragons
  5 rime drakes
  A tyrant leech (Lair:2)
  3 hornets
  A polar bear (Lair:5)
  3 meliai (Spider:1)
  4 tarantellas
  8 blink frogs
  21 jumping spiders
  7 culicivoras (Spider:1)
  Sigmund (D:6)
  40 yaks
  14 wyverns (Lair:5)
  Eustachio (D:5)
  5 wraiths (Lair:3)
  A ynoxinul (Gauntlet)
  Grum (D:8)
  2 basilisks
  22 redbacks
  A steam dragon (Lair:5)
  3 vampire mosquitoes (D:9)
  3 wargs (D:10)
  3 swamp worms (Lair:2)
  3 acid dragons (Lair:5)
  A hell hound (Gauntlet)
  23 water moccasins
  A sky beast (D:6)
  An ice beast (D:7)
  3 black bears
  2 boulder beetle simulacra (Lair:2)
  A swamp drake (Lair:5)
  3 orc warriors
  3 ogres (D:5)
  2 centaurs (D:8)
  A phantom (D:5)
  14 wolves
  Blork the orc (D:5)
  3 kobold brigands
  9 bullfrogs
  A gnoll sergeant (D:10)
  7 scorpions
  9 wights
  A blink frog simulacrum (Lair:2)
  A lindwurm simulacrum (Lair:2)
  15 killer bees
  2 howler monkeys (D:9)
  A komodo dragon simulacrum (Lair:2)
  2 water moccasin simulacra (Lair:2)
  5 hounds
  2 gnoll boudas (D:5)
  15 jellies
  8 orc priests
  4 iron imps (Gauntlet)
  8 iguanas
  11 orc wizards
  5 adders
  10 gnolls
  A shadow imp (D:8)
  2 white imps (D:6)
  An ufetubus (D:5)
  5 dart slugs
  34 orcs
  2 ball pythons
  6 endoplasms
  2 giant cockroaches (D:3)
  3 goblins
  7 hobgoblins
  27 kobolds
  5 quokkas
  2 bats
  6 frilled lizards
  7 rats
520 creatures vanquished.

Vanquished Creatures (others)
  A cane toad (Lair:2)
1 creature vanquished.

Grand Total: 521 creatures vanquished

Notes
Turn   | Place    | Note
-------+----------+-------------------------------------------
     0 | D:1      | Sparcealot the Naga Wanderer began the quest for the Orb.
     0 | D:1      | Sparcealot set off with the following items: a +0 hand axe,
                  | a +0 scale mail, a potion of mutation; and the following
                  | spell memorised: Sandblast; and the following spells
                  | available to memorise: Stone Arrow, Petrify.
     0 | D:1      | Reached XP level 1. HP: 18/18 MP: 2/2
     0 | D:1      | Gained mutation: You have a pair of small horns on your
                  | head. [potion of mutation]
     0 | D:1      | Gained mutation: You are somewhat resistant to further
                  | mutation. [potion of mutation]
    57 | D:1      | Reached XP level 2. HP: 18/25 MP: 1/3
   922 | D:2      | Reached XP level 3. HP: 31/31 MP: 5/5
  1959 | D:3      | Reached XP level 4. HP: 37/39 MP: 6/6
  2326 | D:4      | Found Otu Vyla's Magic Scroll Emporium.
  2379 | D:4      | Found a broken altar of Ashenzari.
  2383 | D:4      | Became a worshipper of Ashenzari the Shackled
  2412 | D:4      | Noticed a scorpion
  2417 | D:4      | Killed a scorpion
  2418 | D:4      | Reached XP level 5. HP: 38/46 MP: 7/9
  2516 | D:4      | Reached XP level 6. HP: 19/55 MP: 8/10
  2572 | D:4      | Learned a level 4 spell: Petrify
  2978 | D:4      | Identified the +15 plate armour of Summertime {Contam +Inv
                  | Regen+ Dex+3}
  2990 | D:4      | Fell from the grace of Ashenzari
  3110 | D:4      | Found a shimmering altar of Xom.
  3122 | D:4      | Found an iron altar of Okawaru.
  3279 | D:4      | Found a shimmering blue altar of Sif Muna.
  3411 | D:5      | Entered Level 5 of the Dungeon
  3476 | D:4      | Reached XP level 7. HP: 30/62 MP: 12/12
  3570 | D:5      | Identified the +10 war axe "Veucw" {venom, rF+ Str+6}
  3727 | D:5      | Was forgiven by Ashenzari
  3788 | D:5      | Reached skill level 5 in Fighting
  3788 | D:5      | Reached XP level 8. HP: 67/74 MP: 13/13
  3804 | D:5      | Reached skill level 5 in Armour
  3879 | D:5      | Noticed Blork the orc
  3885 | D:5      | Killed Blork the orc
  3932 | D:5      | Noticed Eustachio
  3951 | D:5      | Killed Eustachio
  4563 | D:6      | Noticed Maggie
  4566 | D:6      | Noticed Sigmund
  4576 | D:6      | Killed Maggie
  4577 | D:6      | Reached XP level 9. HP: 64/86 MP: 14/14
  4581 | D:6      | Killed Sigmund
  4712 | D:6      | Found a shadowy altar of Dithmenos.
  4960 | D:6      | Found a staircase to the Ecumenical Temple.
  4969 | Temple   | Entered the Ecumenical Temple
  4993 | Temple   | Became a worshipper of Cheibriados the Contemplative
  5483 | D:7      | Reached * piety under Cheibriados
  5824 | D:8      | Reached XP level 10. HP: 94/94 MP: 13/15
  5884 | D:8      | Noticed Grum
  5888 | D:8      | Killed Grum
  5983 | D:8      | Got the Grimoire of the Glacier and Trauma
  6031 | D:8      | Reached skill level 10 in Armour
  6129 | D:8      | Reached ** piety under Cheibriados
  6661 | D:9      | Reached *** piety under Cheibriados
  6679 | D:9      | Found an ornate altar of the Wu Jian Council.
  6885 | D:9      | Noticed a two-headed ogre
  6912 | D:9      | Reached XP level 11. HP: 106/106 MP: 16/16
  6926 | D:9      | Found a staircase to the Orcish Mines.
  7006 | D:9      | Killed a two-headed ogre
  7007 | D:9      | Reached skill level 2 in Axes
  7124 | D:9      | Identified the +8 morningstar "Mymantasom" {flame, rN+}
  7317 | D:10     | Entered Level 10 of the Dungeon
  7317 | D:10     | Found a portal to a secret trove of treasure.
  7368 | D:10     | Reached **** piety under Cheibriados
  7457 | D:10     | Reached skill level 3 in Axes
  7463 | D:10     | Found a staircase to the Lair.
  7622 | D:10     | Reached skill level 10 in Fighting
  7622 | D:10     | Reached skill level 4 in Axes
  7628 | D:10     | Found a blossoming altar of Fedhas.
  7642 | D:10     | Found Opogurgh's Distillery.
  8025 | Lair:1   | Entered Level 1 of the Lair of Beasts
  8182 | Lair:1   | Reached skill level 5 in Axes
  8182 | Lair:1   | Reached ***** piety under Cheibriados
  8271 | Lair:1   | Reached skill level 6 in Axes
  8398 | Lair:1   | Reached skill level 7 in Axes
  8405 | Lair:1   | You fall into a shaft and drop 1 floor!
  8435 | Lair:2   | Reached XP level 12. HP: 117/120 MP: 15/17
  8455 | Lair:2   | Noticed a death yak
  8465 | Lair:2   | Killed a death yak
  8466 | Lair:2   | Reached skill level 8 in Axes
  8516 | Lair:2   | Found a runed translucent gate.
  8516 | Lair:2   | Found a runed translucent gate.
  8516 | Lair:2   | Found a runed translucent gate.
  8683 | Lair:2   | Noticed initializr's ghost (journeyman TrCA)
  8699 | Lair:2   | Killed initializr's ghost
  8700 | Lair:2   | Reached skill level 9 in Axes
  8921 | Lair:2   | Got the ring of New Discoveries {Fire Drain rElec rN+ SInv}
  9054 | Lair:2   | Reached skill level 10 in Axes
  9096 | Lair:2   | Noticed a six-headed hydra
  9104 | Lair:2   | Killed a ten-headed hydra
  9135 | Lair:2   | Noticed a four-headed hydra
  9149 | Lair:2   | Killed a 15-headed hydra
  9173 | Lair:2   | Reached skill level 11 in Axes
  9191 | Lair:2   | Found a staircase to the Swamp.
  9332 | Lair:2   | Reached ****** piety under Cheibriados
  9492 | Lair:2   | Reached skill level 12 in Axes
  9748 | Lair:3   | Noticed a death yak
  9748 | Lair:3   | Noticed a death yak
  9751 | Lair:3   | Noticed a death yak
  9751 | Lair:3   | Noticed a death yak
  9753 | Lair:3   | Noticed a death yak
  9755 | Lair:3   | Killed a death yak
  9766 | Lair:3   | Killed a death yak
  9767 | Lair:3   | Gained mutation: You can use your snake-like lower body to
                  | constrict enemies. [Naga growth]
  9767 | Lair:3   | Reached XP level 13. HP: 58/127 MP: 7/18
  9768 | Lair:3   | Reached skill level 13 in Axes
  9959 | Lair:3   | Found a gate leading to a gauntlet.
  9972 | Gauntlet | Entered a Gauntlet
  9972 | Gauntlet | Found a transporter.
  9975 | Gauntlet | Found a transporter.
  9995 | Gauntlet | Found a transporter.
 10011 | Gauntlet | Found a transporter.
 10020 | Gauntlet | Found a transporter.
 10020 | Gauntlet | Found a transporter.
 10033 | Gauntlet | Found a transporter.
 10033 | Gauntlet | Found a runed translucent door.
 10040 | Gauntlet | Found a runed translucent door.
 10052 | Gauntlet | Noticed a great orb of eyes
 10053 | Gauntlet | Found a transporter.
 10067 | Gauntlet | Identified the +1 helmet of the Fiend {rF+ rC++ Int-4}
 10096 | Gauntlet | Noticed a minotaur
 10103 | Gauntlet | Killed a minotaur
 10178 | Lair:3   | Noticed Rupert
 10206 | Lair:3   | Killed Rupert
 10207 | Lair:3   | Reached skill level 14 in Axes
 10363 | Lair:3   | Found a hole to the Spider Nest.
 10445 | Lair:3   | Noticed Josephine
 10454 | Lair:3   | Killed Josephine
 10919 | Lair:4   | Found a viscous altar of Jiyva.
 10919 | Lair:4   | Found a staircase to the Slime Pits.
 11158 | Lair:4   | Reached skill level 15 in Axes
 11766 | Lair:5   | Entered Level 5 of the Lair of Beasts
 11902 | Lair:5   | Reached skill level 16 in Axes
 11922 | Lair:5   | Reached XP level 14. HP: 127/135 MP: 18/20
 11928 | Lair:5   | Learned a level 5 spell: Borgnjor's Vile Clutch
 11971 | Lair:5   | Reached skill level 1 in Necromancy
 12019 | Lair:5   | Reached skill level 5 in Spellcasting
 12732 | Lair:5   | Reached skill level 5 in Necromancy
 13161 | Spider:1 | Entered Level 1 of the Spider Nest
 13950 | Spider:1 | Reached XP level 15. HP: 25/141 MP: 5/27
 14557 | Spider:2 | Reached skill level 1 in Invocations
 14570 | Spider:2 | Mangled by a radroach

Illustrated notes

Levels and vault maps discovered:
D:1:      roderic_dead_forest, layout_basic
D:2:      layout_rooms
D:3:      layout_loops_ring, minmay_cut_off
D:4:      layout_loops_ring, nicolae_overflow_quartered_altars, serial_shops,
          nicolae_stop_n_shop_1, kennysheep_path_1
D:5:      minmay_angry_zag, layout_basic, uniq_blork_the_orc, uniq_eustachio
D:6:      layout_loops_ring, old_standard_altar, temple_statues, uniq_maggie,
          uniq_sigmund
D:7:      layout_cave_pools, serial_rivers, chequers_serial_rivers_room_a,
          chequers_serial_rivers_large_b, chequers_serial_rivers_micro_e,
          chequers_serial_rivers_room_a, chequers_serial_rivers_small_b
D:8:      layout_loops_ring, minmay_misc_feat_alley, uniq_grum
D:9:      layout_loops_cross, mainiacjoe_overflow_six_doors_small
D:10:     layout_gridville, kennysheep_little_box, erik_lair_orcish_takeover,
          enter_trove_2, serial_shops, shop
Temple:   nicolae_temple_bog_church
Lair:1:   layout_layer_cave, chequers_serial_rivers_micro_a, kennysheep_rathole
Lair:2:   layout_cave_pods, palyth_hydra_swamp_entry, gammafunk_ghost_icy,
          lemuel_fruit_tree, grunt_megastairs_5
Lair:3:   layout_regular_city, nicolae_spider_entry_lesser_pyramids,
          gauntlet_entry_generic, chequers_serial_rivers_micro_c,
          bh_autumn_forest_stairs, grunt_megastairs_1, uniq_josephine,
          uniq_rupert
Lair:4:   layout_cave_pods, minmay_slime_entry_jelly_boxes, serial_bayou_pond_b
Lair:5:   hangedman_lair_tendril_chambers, layout_layer_cave,
          guppyfry_lair_end_dragon, grunt_forest_large_clearings
Spider:1: layout_chambers
Spider:2: layout_spider_delve

Skill      XL: |  1  2  3  4  5  6  7  8  9 10 11 12 13 14 15 |
---------------+----------------------------------------------+-----
Armour         | 2 3 4 6 9 10 11 | 11.0
Fighting       | 2 3 5 7 9 11 | 11.0
Spellcasting   | 2 3 4 8 |  8.0
Axes           | 7 12 16 | 16.0
Necromancy     | 7 8 |  8.1
Earth Magic    | 7 8 |  8.1
Invocations    | 1 |  1.7

Action                     |  1- 3 |  4- 6 |  7- 9 | 10-12 | 13-15 || total
---------------------------+-------+-------+-------+-------+-------++-------
  Melee: Hand axe          |    94 |       |       |       |       ||    94
         Headbutt          |     9 |    12 |    32 |   101 |   149 ||   303
         War axe           |     6 |    81 |   171 |   403 |   460 ||  1121
         Punch             |     1 |     3 |     2 |     6 |    12 ||    24
         Constrict         |       |       |       |       |   126 ||   126
   Cast: Sandblast         |     4 |     4 |     1 |     2 |       ||    11
 Invoke: Renounce Religion |       |     1 |       |       |       ||     1
Ability: Spit Poison       |    24 |    20 |    16 |    13 |     5 ||    78
         Evoke Invisibilit |       |       |     1 |       |       ||     1
  Evoke: Wand              |       |       |       |     5 |     8 ||    13
    Use: Potion            |     1 |     1 |     1 |     3 |     4 ||    10
         Scroll            |       |       |     5 |     2 |    11 ||    18
 Armour: Scale mail        |    67 |    31 |       |       |       ||    98
         Plate armour      |       |    79 |   184 |   364 |   333 ||   960
  Dodge: Dodged            |    48 |    30 |    72 |   363 |   480 ||   993

Table legend: (Time is in decaauts)
 A = Elapsed time spent in this place.
 B = Non-inter-level travel time spent in this place.
 C = Inter-level travel time spent in this place.
 D = Time resting spent in this place.
 E = Time spent auto-exploring this place.
 F = Levels seen in this place.
 G = Mean time per level.
                   A        B        C        D        E       F      G
               +--------+--------+--------+--------+--------+-----+--------+
         Total |  27571 |  25591 |   1980 |    223 |  21823 |  19 | 1451.1 |
       Dungeon |  12613 |  11684 |    929 |     78 |  10018 |  10 | 1261.3 |
        Temple |     71 |     24 |     47 |      0 |     15 |   1 |   71.0 |
          Lair |  11343 |  10386 |    957 |     95 |   8964 |   5 | 2268.6 |
   Spider Nest |   3223 |   3177 |     46 |     50 |   2755 |   2 | 1611.5 |
      Gauntlet |    319 |    319 |      0 |      0 |     70 |   1 |  319.0 |
               +--------+--------+--------+--------+--------+-----+--------+

Top non-repeatable levels by time:
Spider:1: 3156 daAuts
  Lair:5: 2977 daAuts
  Lair:2: 2865 daAuts
  Lair:4: 2399 daAuts
  Lair:3: 2245 daAuts
     D:9: 1620 daAuts
    D:10: 1545 daAuts
     D:4: 1490 daAuts
     D:8: 1374 daAuts
     D:5: 1308 daAuts
     D:6: 1245 daAuts
     D:1: 1149 daAuts
     D:3: 1132 daAuts
     D:7: 918 daAuts
  Lair:1: 856 daAuts
